 Dungeon Crawl Stone Soup version 0.19.4 (webtiles) character file.

21335 Kiturien the Fighter (level 12, -12/115 HPs)
             Began as a Hill Orc Fighter on Feb 3, 2017.
             Was a Priest of Qazlal.
             Killed by the raging water
             ... invoked by a water nymph
              (17 damage)
             ... on level 1 of the Shoals.
             The game lasted 00:55:44 (13561 turns).

Kiturien the Fighter (Hill Orc Fighter)            Turns: 13561, Time: 00:55:46

Health: -12/115    AC: 21    Str: 29    XL:     12   Next: 88%
Magic:  17/17      EV:  8    Int:  6    God:    Qazlal [***...]
Gold:   853        SH: 17    Dex: 12    Spells: 0 memorised, 11 levels left

rFire  + . .     SeeInvis +     w - +9 dagger of the Final Decision {freeze, Str+5}
rCold  . . .     Gourm    .     r - +2 plate armour {rF+}
rNeg   + . .     Faith    .     c - +0 shield
rPois  .         Spirit   .     O - +0 helmet
rElec  .         Reflect  .     f - +0 cloak
rCorr  .         Harm     .     (no gloves)
MR     ++...                    U - +0 pair of boots {run}
Stlth  ..........               T - macabre finger necklace {rN+}
                                D - ring "Olahiere" {MR+ Int-2 Dex+2 SInv Stlth+}
                                h - ring of protection from magic
                                q - ring of stealth

@: engulfed (cannot breathe), very slightly contaminated, invisible, quick
A: no striking features
a: Upheaval, Elemental Force, Renounce Religion


You were on level 1 of the Shoals.
You worshipped Qazlal.
Qazlal was most pleased with you.
You were not hungry.

You visited 4 branches of the dungeon, and saw 14 of its levels.
You also visited: Labyrinth and Ossuary.

You collected 853 gold pieces.

Inventory:

Hand Weapons
 a - a +1 war axe
 e - a +0 broad axe
 v - the +4 Vampire's Tooth {vamp}
   (You found it on level 6 of the Dungeon)

   It inflicts no extra harm, but heals its wielder when it wounds a living foe.
 w - the +9 dagger of the Final Decision (weapon) {freeze, Str+5}
   (You found it on level 4 of the Dungeon)

   It has been specially enchanted to freeze those struck by it, causing extra
   injury to most foes and up to half again as much damage against particularly
   susceptible opponents.
   It can also slow down cold-blooded creatures.
   It affects your strength (+5).
 H - a +3 scimitar of flaming
Armour
 c - a +0 shield (worn)
 f - a +0 cloak (worn)
 r - a +2 plate armour of fire resistance (worn)
 O - a +0 helmet (worn)
 U - a +0 pair of boots of running (worn)
Jewellery
 h - a ring of protection from magic (left hand)
 p - an uncursed ring of ice
 q - a ring of stealth (on amulet)
 D - the ring "Olahiere" (right hand) {MR+ Int-2 Dex+2 SInv Stlth+}
   (You took it off a minotaur in a labyrinth)

   [ring of see invisible]

   It affects your intelligence (-2).
   It affects your dexterity (+2).
   It affects your resistance to hostile enchantments.
   It lets you see invisible.
   It makes you more stealthy.
 I - an uncursed ring of see invisible
 T - the macabre finger necklace (around neck) {rN+}
   (You found it in a labyrinth)

   [amulet of nothing]

   It protects you from negative energy.
Wands
 b - a wand of paralysis (14/24)
 C - a wand of slowing (9/48)
 M - a wand of paralysis (13/24)
 R - a wand of disintegration (15/24)
 S - a wand of flame (13/48)
Scrolls
 i - 3 scrolls of noise
 j - 4 scrolls of teleportation
 s - 2 scrolls of immolation
 x - 2 scrolls of fear
 y - 3 scrolls of blinking
 z - 4 scrolls of enchant weapon
 B - 2 scrolls of remove curse
 F - 3 scrolls of recharging
 L - 3 scrolls of identify
 N - a scroll of amnesia
 Q - a scroll of vulnerability {unknown}
Potions
 d - 2 potions of might
 g - a potion of beneficial mutation
 k - 4 potions of brilliance
 m - 2 potions of curing
 o - 3 potions of lignification
 u - a potion of agility
 A - a potion of magic {unknown}
 J - a potion of flight
 K - 4 potions of haste
 P - a potion of resistance
Books
 E - a book of Conjurations

   Spells                             Type                      Level
   a - Magic Dart                     Conjuration                  1
   b - Searing Ray                    Conjuration                  2
   c - Dazzling Spray                 Conjuration/Hexes            3
   d - Fulminant Prism                Conjuration/Hexes            4
   e - Iskenderun's Mystic Blast      Conjuration                  4
   f - Iskenderun's Battlesphere      Conjuration/Charms           5
Comestibles
 l - 2 bread rations


   Skills:
 * Level 13.1 Fighting
 - Level 1.8(4.0) Short Blades
 * Level 6.1(6.3) Long Blades
 - Level 9.1 Axes
 + Level 11.0 Armour
 + Level 2.9 Dodging
 + Level 11.9 Shields
 * Level 7.2 Invocations


You had 11 spell levels left.
You didn't know any spells.

Dungeon Overview and Level Annotations

Branches:
Dungeon (9/15)             Temple (1/1) D:7            Lair (3/6) D:9
 Shoals (1/4) Lair:3        Snake (0/4) Lair:2
    Orc: D:9-12

Altars:
Ashenzari
Cheibriados
Dithmenos
Elyvilon
Fedhas
Gozag
Hepliaklqana
Kikubaaqudgha
Makhleb
Nemelex Xobeh
Okawaru
Qazlal
Ru
Sif Muna
Trog
Uskayaw
Vehumet
Xom
Yredelemnul
Zin
The Shining One

Shops:
D:7 }


Message History

The water swirls and strikes you!
You puncture the water nymph! You freeze the water nymph.
The water nymph is heavily wounded.
* * * LOW HITPOINT WARNING * * *
Your lungs strain for air!
You block the water elemental's attack. You block the water nymph's attack.
Your unstable footing causes you to fumble your attack.
* * * LOW HITPOINT WARNING * * *
Your lungs strain for air!
You block the water elemental's attack.
The water nymph points at you and mumbles some strange words.
The water swirls and strikes you!
* * * LOW HITPOINT WARNING * * *
You feel better.
* * * LOW HITPOINT WARNING * * *
Your lungs strain for air!
The water elemental hits you.
The water nymph gestures at you while chanting.
The water swirls and strikes you!
You die...

#..≈≈..≈≈≈ ...≈≈≈≈≈≈≈
#..≈≈≈≈≈≈≈ #..≈≈≈≈≈≈≈
##...≈≈.≈≈≈ #....≈≈≈≈≈≈
##§....≈≈≈≈≈
######@≈...≈≈.≈≈≈
##.##.≈mE)≈..≈≈≈≈≈ ≈≈
#......≈≈....≈≈≈.≈ ..
##......##†.≈≈≈≈≈≈ ..
#......#...≈≈≈≈.≈ ..
##(........≈≈≈≈≈≈ ..##
######..........≈≈≈≈≈≈
#..###..(...(.........≈≈≈≈≈
#........###..≈...≈≈..≈≈≈≈≈


You could see a water elemental and a water nymph.

Vanquished Creatures
  A minotaur (Lab)
  An ice dragon (Shoals:1)
  A merfolk avatar (Shoals:1)
  A hydra (Lair:1)
  A merfolk aquamancer (Shoals:1)
  Erica (D:8)
  A wizard (D:9)
  3 harpies (Shoals:1)
  Pikel (D:8)
  A faun (Shoals:1)
  A manticore (Shoals:1)
  Joseph (D:9)
  The ghost of StantardToaster the Chopper, a novice MiFi (D:5)
  A black mamba (Lair:3)
  4 spiny frogs
  A rime drake (Lair:3)
  3 komodo dragons
  A wind drake (Shoals:1)
  Grinder (D:6)
  4 hippogriffs
  A minotaur skeleton (Lab)
  A snapping turtle (Lair:3)
  5 blink frogs (Lair:3)
  Sigmund (D:4)
  A spriggan (D:7)
  5 basilisks
  10 yaks
  A wyvern (Lair:2)
  A hungry ghost (Lab)
  2 nagas (Lair:2)
  6 water moccasins
  8 porcupines
  The ghost of smzp the Sneak, an amateur SpAs (D:4)
  2 orc warriors
  A black bear (D:9)
  2 eyes of draining (D:8)
  A sky beast (D:6)
  6 ogres
  2 centaurs
  3 crocodiles
  17 bullfrogs
  An elf zombie (Ossuary)
  8 killer bees
  2 electric eels (Lair:3)
  4 vampire bats
  3 crimson imps
  A bullfrog zombie (D:6)
  2 centaur skeletons
  6 orc priests
  A jelly (D:4)
  A centaur zombie (D:6)
  A hound (D:7)
  2 iguanas
  5 orc wizards
  10 worker ants
  A killer bee zombie (D:6)
  An ogre skeleton (Lab)
  3 mummies (Ossuary)
  A worker ant zombie (D:6)
  A howler monkey skeleton (D:9)
  3 gnolls (D:3)
  9 adders
  A shadow imp (D:6)
  An ooze (D:2)
  An adder skeleton (D:3)
  3 adder zombies
  2 worms (D:3)
  A dart slug (D:1)
  A leopard gecko (D:6)
  45 orcs
  5 giant cockroaches
  3 goblins
  9 hobgoblins
  7 jackals
  3 quokkas
  5 ball pythons
  17 bats
  6 frilled lizards
  4 goblin zombies (Ossuary)
  2 hobgoblin zombies (Ossuary)
  2 jackal skeletons
  9 kobolds
  4 kobold zombies (Ossuary)
  A leopard gecko skeleton (D:4)
  An orc zombie (Ossuary)
  A quokka zombie (Ossuary)
  4 rats
  4 rat zombies (Ossuary)
  5 fungi
  3 plants
323 creatures vanquished.

Vanquished Creatures (others)
  3 fungi
  2 plants (D:9)
5 creatures vanquished.

Grand Total: 328 creatures vanquished

Notes
Turn   | Place    | Note
-------+----------+-------------------------------------------
     0 | D:1      | Kiturien the Hill Orc Fighter began the quest for the Orb.
     0 | D:1      | Reached XP level 1. HP: 19/19 MP: 1/1
    61 | D:1      | Reached XP level 2. HP: 22/27 MP: 2/2
   291 | D:1      | Reached skill level 4 in Fighting
   511 | D:2      | Found an opulent altar of Gozag.
   513 | D:2      | Reached XP level 3. HP: 33/33 MP: 3/3
  1064 | D:2      | Reached XP level 4. HP: 37/40 MP: 4/4
  1387 | D:3      | Reached skill level 5 in Axes
  1387 | D:3      | Reached XP level 5. HP: 31/47 MP: 5/5
  1600 | D:3      | Found a snail-covered altar of Cheibriados.
  2039 | D:3      | Reached skill level 1 in Dodging
  2048 | D:3      | Reached skill level 5 in Fighting
  2048 | D:3      | Reached XP level 6. HP: 8/56 MP: 6/6
  2318 | D:3      | Gained mutation: You are weak. (Str -2) [potion of mutation]
  2318 | D:3      | Gained mutation: Your flesh is heat resistant. (rF+) [potion of mutation]
  2318 | D:3      | Gained mutation: Your natural rate of healing is unusually fast. [potion of mutation]
  2319 | D:3      | Gained mutation: You are frail. (-10% HP) [potion of mutation]
  2319 | D:3      | Gained mutation: Your spells are a little easier to cast, but a little less powerful. [potion of mutation]
  2319 | D:3      | Lost mutation: Your spells are a little easier to cast, but a little less powerful. [potion of mutation]
  2578 | D:4      | Noticed smzp's ghost (amateur SpAs)
  2595 | D:4      | Killed smzp's ghost
  2633 | D:4      | Reached XP level 7. HP: 54/54 MP: 7/7
  2700 | D:4      | Got a twisted dagger
  2701 | D:4      | Identified the +9 dagger of the Final Decision {freeze, Str+5} (You found it on level 4 of the Dungeon)
  2945 | D:4      | Noticed Sigmund
  2953 | D:4      | Killed Sigmund
  2953 | D:4      | Reached skill level 6 in Fighting
  3016 | D:5      | Entered Level 5 of the Dungeon
  3075 | D:5      | Reached XP level 8. HP: 59/63 MP: 8/8
  3092 | D:5      | Noticed a hippogriff
  3103 | D:5      | Killed a hippogriff
  3103 | D:5      | Reached skill level 5 in Armour
  3103 | D:5      | Reached skill level 5 in Shields
  3194 | D:5      | Noticed StantardToaster's ghost (novice MiFi)
  3209 | D:5      | Killed StantardToaster's ghost
  3209 | D:5      | Reached skill level 7 in Fighting
  3520 | D:5      | Found a sand-covered staircase.
  3525 | Ossuary  | Entered an ossuary
  4012 | D:6      | Reached XP level 9. HP: 71/71 MP: 9/9
  4015 | D:6      | Noticed Grinder
  4019 | D:6      | Paralysed by Grinder for 6 turns
  4028 | D:6      | Paralysed by Grinder for 6 turns
  4044 | D:6      | Paralysed by Grinder for 7 turns
  4063 | D:6      | Killed Grinder
  4261 | D:6      | Reached skill level 8 in Fighting
  4588 | D:6      | Gained mutation: Your body sometimes deteriorates upon taking damage. [potion of mutation]
  4588 | D:6      | Gained mutation: You are very frail. (-20% HP) [potion of mutation]
  4588 | D:6      | Lost mutation: Your flesh is heat resistant. (rF+) [potion of mutation]
  4742 | D:7      | Got a spiked scale mail
  4753 | D:7      | Identified the cursed +0 scale mail of Uskayaw's Pride {Dex+3} (You found it on level 7 of the Dungeon)
  4785 | D:7      | Found Lamuif's Gadget Shop.
  4933 | D:7      | Reached skill level 9 in Fighting
  5047 | D:7      | Found a hide-covered altar of Uskayaw.
  5427 | D:7      | Found a staircase to the Ecumenical Temple.
  5433 | Temple   | Entered the Ecumenical Temple
  5457 | Temple   | Became a worshipper of Qazlal Stormbringer
  5699 | D:8      | Noticed Erica
  5841 | D:8      | Reached XP level 10. HP: 73/74 MP: 10/10
  5851 | D:8      | Killed Erica
  5851 | D:8      | Reached skill level 10 in Fighting
  5976 | D:8      | Found a blossoming altar of Fedhas.
  5977 | D:8      | Noticed Pikel
  5987 | D:8      | Killed Pikel
  6051 | D:8      | Found a shimmering altar of Xom.
  6051 | D:8      | Found a shimmering altar of Xom.
  6052 | D:8      | Found a shimmering altar of Xom.
  6052 | D:8      | Found a shimmering altar of Xom.
  6053 | D:8      | Found a shimmering altar of Xom.
  6093 | D:8      | Found an opulent altar of Gozag.
  6213 | D:8      | Found a bloodstained altar of Trog.
  6716 | D:9      | Reached * piety under Qazlal
  6820 | D:9      | Noticed a wizard
  6830 | D:9      | Killed a wizard
  6830 | D:9      | Reached skill level 11 in Fighting
  6830 | D:9      | Reached skill level 1 in Short Blades
  6848 | D:9      | Noticed Joseph
  6859 | D:9      | Killed Joseph
  6859 | D:9      | Reached skill level 1 in Invocations
  6992 | D:9      | Reached skill level 1 in Long Blades
  7316 | D:9      | Reached XP level 11. HP: 81/81 MP: 12/12
  7434 | D:9      | Found a staircase to the Lair.
  7438 | D:9      | Reached ** piety under Qazlal
  7466 | Lair:1   | Entered Level 1 of the Lair of Beasts
  7590 | Lair:1   | Reached skill level 10 in Shields
  7887 | Lair:1   | Noticed a five-headed hydra
  7909 | Lair:1   | Killed a one-headed hydra
  8475 | Lair:2   | Found a staircase to the Snake Pit.
  9280 | Lair:2   | Lost mutation: You are weak. (Str -2) [potion of cure mutation]
  9280 | Lair:2   | Lost mutation: Your body sometimes deteriorates upon taking damage. [potion of cure mutation]
  9280 | Lair:2   | Lost mutation: Your natural rate of healing is unusually fast. [potion of cure mutation]
  9280 | Lair:2   | Lost mutation: You are very frail. (-20% HP) [potion of cure mutation]
  9280 | Lair:2   | Lost mutation: You are frail. (-10% HP) [potion of cure mutation]
  9396 | Lair:3   | Found a labyrinth entrance.
  9420 | Lab      | Entered a labyrinth
  9689 | Lab      | Reached skill level 12 in Fighting
 10018 | Lab      | Noticed a minotaur
 10029 | Lab      | Killed a minotaur
 10031 | Lab      | Got a translucent bone ring
 10045 | Lab      | Identified a +0 pair of boots of running (You found it in a labyrinth)
 10054 | Lab      | Identified the ring "Olahiere" {MR+ Int-2 Dex+2 SInv Stlth+} (You took it off a minotaur in a labyrinth)
 10517 | Lair:3   | Reached skill level 5 in Invocations
 10522 | Lair:3   | Reached XP level 12. HP: 81/112 MP: 15/15
 10689 | Lair:3   | Reached skill level 10 in Armour
 10712 | Lair:3   | Reached skill level 5 in Long Blades
 11288 | Lair:3   | Reached *** piety under Qazlal
 11876 | Lair:3   | Found a staircase to the Shoals.
 12061 | Shoals:1 | Entered Level 1 of the Shoals
 12239 | Shoals:1 | Noticed an ice dragon
 12714 | Shoals:1 | Noticed a merfolk avatar
 12722 | Shoals:1 | Killed an ice dragon
 13528 | Shoals:1 | Noticed a merfolk aquamancer
 13546 | Shoals:1 | Killed a merfolk avatar
 13546 | Shoals:1 | Reached skill level 13 in Fighting
 13554 | Shoals:1 | Killed a merfolk aquamancer
 13560 | Shoals:1 | HP: 5/115 [water nymph/the raging water (9)]
 13561 | Shoals:1 | Killed from afar by a water nymph

Skill      XL: |  1  2  3  4  5  6  7  8  9 10 11 12 |
---------------+-------------------------------------+-----
Axes           | 3 4 5 6 8 9 |  9.1
Fighting       | 4 5 6 7 9 11 12 13 | 13.1
Shields        | 4 6 8 9 11 | 11.9
Dodging        | 1 2 |  2.9
Armour         | 4 5 7 8 9 11 | 11.0
Short Blades   | 1 |  1.8
Invocations    | 1 5 7 |  7.2
Long Blades    | 2 4 6 |  6.1

Action                   |  1- 3 |  4- 6 |  7- 9 | 10-12 || total
-------------------------+-------+-------+-------+-------++-------
Melee: War axe           |   105 |   179 |       |       ||   284
       Dagger            |       |       |   381 |   770 ||  1151
       Scimitar          |       |       |       |     5 ||     5
Evoke: Wand              |       |       |       |     2 ||     2
  Use: Potion            |       |     3 |     7 |     8 ||    18
       Scroll            |       |     3 |    12 |    10 ||    25
 Stab: Invisible         |       |       |       |     4 ||     4
  Eat: Bread ration      |     1 |     1 |     1 |     2 ||     5
       Meat ration       |       |       |     1 |     2 ||     3
       Chunk             |       |       |       |     8 ||     8
       Royal jelly       |       |       |       |     1 ||     1
Armor: Scale mail        |    53 |    26 |    45 |    12 ||   136
       Chain mail        |       |    81 |   124 |       ||   205
       Plate armour      |       |       |       |   238 ||   238
Dodge: Dodged            |    30 |    33 |   105 |   121 ||   289
Block: Shield            |    56 |    95 |   225 |   473 ||   849
